 Dungeon Crawl Stone Soup version 0.30-a0-738-g116ff8c4af (webtiles) character file.

Game seed: 14182948404440534563

56391 Essalna the Fighter (level 14, -2/119 HPs)
             Began as a Demonspawn Ice Elementalist on Feb 2, 2023.
             Was a High Priest of Vehumet.
             Slain by a komodo dragon (4 damage)
             ... while petrified by a basilisk
             ... on level 5 of the Lair of Beasts on Feb 3, 2023.
             The game lasted 00:55:27 (21196 turns).

Essalna the Fighter (Demonspawn Ice Elementalist)  Turns: 21196, Time: 00:55:28

Health: -2/119     AC: 10    Str: 10    XL:     14   Next: 41%
Magic:  8/26       EV:  2    Int: 20    God:    Vehumet [*****.]
Gold:   1118       SH:  0    Dex: 14    Spells: 6/17 levels left

rFire   . . .      SeeInvis .    R - +8 rapier "Osalosidgh" {speed, rPois rC+}
rCold   + + +      Faith    .    P - +0 buckler
rNeg    + + +      Spirit   .    O - +2 robe {rC+}
rPois   ∞          Reflect  +    (helmet unavailable)
rElec   .          Harm     .    J - +1 cloak of Mirth {rC+}
rCorr   .          Rampage  .    o - +0 pair of gloves
Will    +....                    (no boots)
Stlth   ++                       i - amulet of reflection
HPRegen 0.39/turn                w - ring of magical power
MPRegen 0.20/turn                C - ring of positive energy

@: petrified, very slightly contaminated
A: horns 3, icy blue scales 1, spiny 1, condensation shield, inability to read
after injury 1
a: Renounce Religion


You were on level 5 of the Lair of Beasts.
You worshipped Vehumet.
Vehumet was extremely pleased with you.
You visited 3 branches of the dungeon, and saw 16 of its levels.

You collected 1447 gold pieces.
You spent 329 gold pieces at shops.

Inventory:

Hand Weapons
 d - a +1 spectral dagger
 u - a +2 heavy falchion
 H - a +0 dagger of pain
 R - the +8 rapier "Osalosidgh" (weapon) {speed, rPois rC+}
   (You found it on level 10 of the Dungeon)

   rC:        It protects you from cold.
   rPois:     It protects you from poison.
Missiles
 x - a throwing net
Armour
 j - a +0 helmet
 o - a +0 pair of gloves (worn)
 G - an orb of energy
 J - the +1 cloak of Mirth (worn) {rC+}
   (You bought it in a shop on level 9 of the Dungeon)

   rC:        It protects you from cold.
 O - a +2 robe of cold resistance (worn)
 P - a +0 buckler (worn)
Magical Staves
 N - a staff of poison
Jewellery
 i - an amulet of reflection (around neck)
 p - an amulet of guardian spirit
 v - a ring of ice
 w - a ring of magical power (left hand)
 C - a ring of positive energy (right hand)
 E - an amulet of the acrobat
 L - a +6 ring of strength
 Q - a +6 ring of dexterity
 S - a ring of ice
Wands
 h - a wand of digging (11)
 r - a wand of polymorph (11)
 t - a wand of light (3)
 z - a wand of roots (4)
Scrolls
 c - 10 scrolls of identify
 f - 2 scrolls of noise
 g - 5 scrolls of poison
 n - 5 scrolls of blinking
 y - 2 scrolls of teleportation
 A - 2 scrolls of fog
 D - a scroll of brand weapon
 I - 2 scrolls of magic mapping
 K - a scroll of vulnerability
 M - 2 scrolls of enchant armour
 V - 2 scrolls of fear
Potions
 b - 3 potions of magic
 e - 3 potions of mutation
 k - 5 potions of brilliance
 l - 2 potions of cancellation
 m - 2 potions of lignification
 q - 2 potions of heal wounds
 s - 4 potions of might
 B - a potion of flight
 F - a potion of degeneration
 T - a potion of ambrosia
 U - a potion of haste


   Skills:
 + Level 13.8 Fighting
 + Level 10.6 Armour
 + Level 10.8 Dodging
 - Level 1.7 Stealth
 - Level 4.0 Shields
 - Level 2.0 Spellcasting
 + Level 13.3 Ice Magic


You had 6 spell levels left.
You knew the following spells:

 Your Spells              Type           Power      Damage    Failure   Level
a - Freeze                Ice            100%       1d10      1%          1
b - Frozen Ramparts       Ice            100%       1d16      1%          3
c - Ozocubu's Refrigerat  Ice            26%        4d13      17%         7

Your spell library contained the following spells:

 Spells                   Type           Power      Damage    Failure   Level
 Spellforged Servitor     Conj/Summ      1%         N/A       100%        7
 Ensorcelled Hibernation  Hex/Ice        56%        N/A       1%          2
 Ozocubu's Armour         Ice            53%        N/A       1%          3
 Sandblast                Erth           4%         2d4       5%          1
 Momentum Strike          Conj/Tloc      4%         3d8       9%          2
 Poisonous Vapours        Pois/Air       4%         N/A       9%          2
 Ice Form                 Ice/Tmut       28%        N/A       13%         4
 Summon Ice Beast         Ice/Summ       28%        N/A       13%         4
 Stone Arrow              Conj/Erth      4%         3d7       16%         3
 Sting                    Tmut/Pois      8%         1d3       21%         1
 Blink                    Tloc           4%         N/A       30%         2
 Cigotuvi's Dreadful Rot  Necr/Pois/Air  4%         N/A       30%         2
 Lesser Beckoning         Tloc           4%         N/A       30%         2
 Passwall                 Tmut/Erth      1%         N/A       30%         2
 Olgreb's Toxic Radiance  Pois           2%         N/A       43%         4
 Gell's Gravitas          Tloc           2%         N/A       52%         3
 Swiftness                Air            2%         N/A       52%         3
 Teleport Other           Tloc           2%         N/A       52%         3
 Animate Armour           Summ/Erth      4%         N/A       89%         4
 Dispel Undead            Necr           2%         3d7       89%         4
 Blade Hands              Tmut           1%         N/A       99%         5
 Iron Shot                Conj/Erth      1%         9d1       99%         6
 Death Channel            Necr           1%         N/A       100%        6
 Dispersal                Tloc           1%         N/A       100%        6
 Borgnjor's Revivificati  Necr           1%         N/A       100%        8
 Necromutation            Tmut/Necr      1%         N/A       100%        8
 Death's Door             Necr           1%         N/A       100%        9


Dungeon Overview and Level Annotations

Branches:
Dungeon (10/15)            Temple (1/1) D:7            Lair (5/5) D:10
 Spider (0/4) Lair:2        Slime (0/5) Lair:5
  Swamp: Lair:2-3    Shoals: Lair:2-3       Orc: D:9-12

Altars:
Ashenzari
Cheibriados
Dithmenos
Fedhas
Gozag
Hepliaklqana
Kikubaaqudgha
Makhleb
Nemelex Xobeh
Okawaru
Qazlal
Ru
Sif Muna
Trog
Uskayaw
Vehumet
Wu Jian
Xom
Yredelemnul
Jiyva

Shops:
D:8 *   D:9 [

Annotations:
Lair:5 1 runed translucent door


Innate Abilities, Weirdness & Mutations

You have a pair of large horns on your head.
You are partially covered in icy blue scales. (AC +2)
You are partially covered in sharp spines.
A meltable shield of frost defends you. (SH +4)
You occasionally lose the ability to read scrolls when taking damage.


Message History

The eight-headed hydra bites you but does no damage.
The eight-headed hydra bites you! The eight-headed hydra bites you.
The eight-headed hydra bites you!
The eight-headed hydra is struck by your spines.
The eight-headed hydra bites you but does no damage.
The eight-headed hydra bites you!
* * * LOW HITPOINT WARNING * * *
The eight-headed hydra barely misses you.
The eight-headed hydra bites you but does no damage.
The eight-headed hydra bites you!
* * * LOW HITPOINT WARNING * * *
The eight-headed hydra bites you.
* * * LOW HITPOINT WARNING * * *
The eight-headed hydra barely misses you. x2
The eight-headed hydra bites you. x2
* * * LOW HITPOINT WARNING * * *
The eight-headed hydra bites you but does no damage.
The eight-headed hydra bites you.
The eight-headed hydra bites you but does no damage.
The eight-headed hydra bites you!
* * * LOW HITPOINT WARNING * * *
The eight-headed hydra bites you.
* * * LOW HITPOINT WARNING * * *
The eight-headed hydra bites you!
* * * LOW HITPOINT WARNING * * *
The komodo dragon bites you!
* * * LOW HITPOINT WARNING * * *
The komodo dragon is no longer moving slowly.
The eight-headed hydra is struck by your spines.
The eight-headed hydra barely misses you.
The eight-headed hydra bites you but does no damage. x3
The eight-headed hydra barely misses you.
The eight-headed hydra bites you.
* * * LOW HITPOINT WARNING * * *
The eight-headed hydra bites you.
* * * LOW HITPOINT WARNING * * *
The eight-headed hydra bites you!
* * * LOW HITPOINT WARNING * * *
The komodo dragon bites you!
You die...

###≈§...≈≈## ..##.§#
##8§≈...#≈≈######.§.#..
###≈≈.§##≈§§≈§≈..≈≈≈..§
####≈≈#...≈###≈≈≈≈#..#
.# ##§##...#...≈≈...###
.# #≈≈≈≈#.....§#....8#
.## #≈§§§#.....#.....#
..# ##≈≈.......#lD..8#
.## #§≈##8......@l..#
#### .#
#≈≈####.........#.#
#.## .##≈≈≈
#8#8#.....## #...
.##≈## ######....# ####
##... .# ####
##...####..# #.... ##
###..### #..###..###
#.... #
#####....####..###.###
##...
#..~#.#....##.###.[..#
#....
##..~P......#####....##
####...


You could see an eight-headed hydra (slow) and 2 komodo dragons.

Vanquished Creatures
  Fannar (Lair:3)
  6 hydras
  A catoblepas (Lair:5)
  4 death yaks (Lair:4)
  A two-headed ogre (D:9)
  Amaemon (Lair:2)
  2 bog bodies (Lair:2)
  4 black mambas
  19 elephants
  2 molten gargoyles (Lair:5)
  A torpor snail (Lair:4)
  An orange demon (Lair:2)
  7 cane toads
  4 kobold demonologists
  15 rime drakes
  13 komodo dragons
  4 polar bears
  2 hornets
  15 blink frogs
  13 dream sheep
  A slime creature (D:10)
  Sigmund (D:5)
  A wraith (D:10)
  4 wyverns
  45 yaks
  8 basilisks
  2 neqoxecs (D:10)
  3 redbacks (Lair:2)
  15 steam dragons
  A swamp worm (Lair:2)
  18 water moccasins
  The ghost of Atelerd the Digger, an amateur OpEE (D:3)
  4 hell hounds (Lair:5)
  4 orc warriors
  3 black bears (D:10)
  3 centaurs
  31 wolves
  An ogre (D:4)
  3 phantoms
  3 kobold brigands
  15 bullfrogs
  A gnoll sergeant (D:9)
  A scorpion (D:6)
  4 necrophages
  10 wights
  A wyvern zombie (D:6)
  7 killer bees (D:8)
  2 howler monkeys
  5 lava snakes (Lair:5)
  3 quasits (D:10)
  2 centaur zombies (D:6)
  2 hounds (D:6)
  10 jellies
  A human zombie (D:6)
  5 orc priests
  A gnoll bouda (Lair:5)
  Terence (D:2)
  4 iguanas
  14 orc wizards
  2 mummies (D:6)
  A hound zombie (D:3)
  Robin (D:2)
  7 gnolls
  5 adders
  2 white imps (D:5)
  3 ufetubi
  A dart slug (D:2)
  23 orcs
  5 endoplasms
  3 giant cockroaches
  13 goblins
  9 hobgoblins
  4 quokkas
  2 ball pythons
  A ball python zombie (D:3)
  4 bats
  3 frilled lizards
  16 kobolds
  6 rats
468 creatures vanquished.

Vanquished Creatures (others)
  The ghost of WasteTime5 the Frost Mage, a journeyman DEIE of Cheibriados (D:10)
  75 fungi
  74 plants
150 creatures vanquished.

Grand Total: 618 creatures vanquished

Notes
Turn   | Place    | Note
-------+----------+-------------------------------------------
     0 | D:1      | Essalna the Demonspawn Ice Elementalist began the quest for
                  | the Orb.
     0 | D:1      | Reached XP level 1. HP: 13/13 MP: 3/3
   277 | D:1      | Reached skill level 1 in Fighting
   365 | D:1      | Gained mutation: You are partially covered in icy blue
                  | scales. (AC +2) [demonic ancestry]
   365 | D:1      | Reached XP level 2. HP: 15/21 MP: 0/5
   931 | D:2      | Reached XP level 3. HP: 27/27 MP: 0/6
  1077 | D:2      | Noticed Terence
  1086 | D:2      | Killed Terence
  1154 | D:2      | Noticed Robin
  1191 | D:2      | Reached XP level 4. HP: 34/34 MP: 1/7
  1723 | D:2      | Killed Robin
  1919 | D:2      | You fall into a shaft and drop 2 floors!
  2157 | D:4      | Reached XP level 5. HP: 41/41 MP: 5/8
  2855 | D:3      | Found a runed translucent gate.
  2855 | D:3      | Found a runed translucent gate.
  2855 | D:3      | Found a runed translucent gate.
  2855 | D:3      | Noticed Atelerd's ghost (amateur OpEE)
  2866 | D:3      | Found a basalt altar of Yredelemnul.
  2891 | D:3      | Reached skill level 5 in Ice Magic
  2957 | D:3      | Learned a level 3 spell: Frozen Ramparts
  3181 | D:3      | Found a hazy altar of Hepliaklqana.
  3375 | D:3      | Killed Atelerd's ghost
  3376 | D:3      | Gained mutation: You have a pair of small horns on your
                  | head. [demonic ancestry]
  3376 | D:3      | Reached XP level 6. HP: 43/48 MP: 0/9
  3674 | D:4      | Found a stormy altar of Qazlal.
  3677 | D:4      | Noticed an air elemental
  3677 | D:4      | Noticed a fire elemental
  3677 | D:4      | Noticed a water elemental
  4166 | D:5      | Entered Level 5 of the Dungeon
  4211 | D:5      | Reached skill level 5 in Fighting
  4211 | D:5      | Reached XP level 7. HP: 50/56 MP: 10/10
  4522 | D:5      | Found an ornate altar of the Wu Jian Council.
  4730 | D:5      | Noticed Sigmund
  4737 | D:5      | Killed Sigmund
  4848 | D:5      | Gained mutation: A meltable shield of frost defends you.
                  | (SH +4) [demonic ancestry]
  4848 | D:5      | Reached XP level 8. HP: 59/65 MP: 11/11
  4873 | D:5      | Found a burning altar of Makhleb.
  4973 | D:5      | Found a bloodstained altar of Trog.
  5256 | D:5      | Found a sacrificial altar of Ru.
  6783 | D:6      | Found an ancient bone altar of Kikubaaqudgha.
  7050 | D:6      | Reached skill level 1 in Armour
  7050 | D:6      | Reached XP level 9. HP: 74/74 MP: 8/12
  7432 | D:7      | Paralysed by a hornet for 1 turns
  8075 | D:7      | Found a shimmering altar of Xom.
  8244 | D:7      | Found a staircase to the Ecumenical Temple.
  8291 | Temple   | Entered the Ecumenical Temple
  8301 | Temple   | Became a worshipper of Vehumet
  8352 | D:7      | Upgraded the game from 0.30-a0-737-gf23d94013f to
                  | 0.30-a0-738-g116ff8c4af
  8645 | D:8      | Found Goeploaz's General Store.
  8653 | D:8      | Reached * piety under Vehumet
  8653 | D:8      | Offered knowledge of Shock by Vehumet.
  8773 | D:8      | Paralysed by a hornet for 1 turns
  9599 | D:9      | Noticed a kobold demonologist
  9607 | D:9      | Noticed a sixfirhy
  9607 | D:9      | Killed a kobold demonologist
  9608 | D:9      | Gained mutation: You have a pair of horns on your head.
                  | [demonic ancestry]
  9608 | D:9      | Reached XP level 10. HP: 83/83 MP: 13/13
  9638 | D:9      | Found Gus Ecism's Armour Emporium.
  9640 | D:9      | Noticed a two-headed ogre
  9648 | D:9      | Killed a two-headed ogre
  9661 | D:9      | Bought the +1 cloak of Mirth {rC+} for 329 gold pieces
  9894 | D:9      | Identified the +3 chain mail "Juerith" {Dex+2}
  9968 | D:10     | Entered Level 10 of the Dungeon
  9986 | D:10     | Found a broken altar of Ashenzari.
 10043 | D:10     | Reached skill level 5 in Dodging
 10274 | D:10     | Reached skill level 5 in Armour
 10310 | D:10     | Found a viscous altar of Jiyva.
 10361 | D:10     | Found a transporter.
 10365 | D:10     | Noticed WasteTime5's ghost (journeyman DEIE)
 10385 | D:10     | Found a transporter.
 10454 | D:10     | Reached ** piety under Vehumet
 10454 | D:10     | Offered knowledge of Magic Dart by Vehumet.
 10455 | D:10     | Reached skill level 10 in Fighting
 10455 | D:10     | Reached skill level 10 in Ice Magic
 10575 | D:10     | Found a staircase to the Lair.
 11070 | D:10     | Reached skill level 1 in Shields
 11076 | D:10     | Found an iron altar of Okawaru.
 11298 | D:10     | Reached XP level 11. HP: 85/91 MP: 14/14
 11298 | D:10     | Gained mutation: You occasionally lose the ability to read
                  | scrolls when taking damage. [a neqoxec]
 11327 | D:10     | Killed WasteTime5's ghost
 11497 | D:10     | Identified the +8 rapier "Osalosidgh" {speed, rPois rC+}
 11526 | Lair:1   | Entered Level 1 of the Lair of Beasts
 11962 | Lair:1   | Offered knowledge of Dazzling Flash by Vehumet.
 12890 | Lair:2   | Noticed a bog body
 12902 | Lair:2   | Reached *** piety under Vehumet
 12908 | Lair:2   | Killed a bog body
 13251 | Lair:2   | Noticed a five-headed hydra
 13328 | Lair:2   | Found a hole to the Spider Nest.
 13666 | Lair:2   | Killed a five-headed hydra
 13667 | Lair:2   | Reached XP level 12. HP: 82/100 MP: 15/15
 14008 | Lair:2   | Noticed Amaemon
 14040 | Lair:2   | Killed Amaemon
 14751 | Lair:3   | Noticed a six-headed hydra
 14762 | Lair:3   | Killed a six-headed hydra
 15057 | Lair:3   | Offered knowledge of Ignite Poison by Vehumet.
 15309 | Lair:3   | Reached **** piety under Vehumet
 15583 | Lair:3   | HP: 3/102 [steam dragon/ball of steam (22)]
 15589 | Lair:3   | Offered knowledge of Flame Wave by Vehumet.
 16382 | Lair:3   | Gained mutation: You are partially covered in sharp spines.
                  | [demonic ancestry]
 16382 | Lair:3   | Reached XP level 13. HP: 67/108 MP: 16/16
 16621 | Lair:3   | Noticed Fannar
 16658 | Lair:3   | Killed Fannar
 17485 | Lair:4   | Reached ***** piety under Vehumet
 17485 | Lair:4   | Offered knowledge of Ozocubu's Refrigeration by Vehumet.
 17507 | Lair:4   | Learned a level 7 spell: Ozocubu's Refrigeration
 18505 | Lair:5   | Entered Level 5 of the Lair of Beasts
 18526 | Lair:4   | Reached skill level 10 in Dodging
 18689 | Lair:4   | HP: 1/111 [death yak (21)]
 19073 | Lair:5   | Reached skill level 10 in Armour
 19145 | Lair:4   | Gained mutation: You have a pair of large horns on your
                  | head. [demonic ancestry]
 19145 | Lair:4   | Reached XP level 14. HP: 111/118 MP: 17/17
 19524 | Lair:5   | Found a snail-covered altar of Cheibriados.
 20228 | Lair:5   | Found a viscous altar of Jiyva.
 20249 | Lair:5   | Found a staircase to the Slime Pits.
 20495 | Lair:5   | Offered knowledge of Spellforged Servitor by Vehumet.
 20863 | Lair:5   | Found a large runed translucent door.
 21196 | Lair:5   | HP: 2/119 [eight-headed hydra (6)]
 21196 | Lair:5   | Slain by a komodo dragon

Illustrated notes

Levels and vault maps discovered:
D:1:      minmay_arrival_checkered_box, layout_basic
D:2:      layout_basic, uniq_terence, uniq_robin
D:3:      layout_basic, mainiacjoe_overflow_tiny_flanked,
          nicolae_yredelemnul_ghost_church, nicolae_elevator_lobby_plus
D:4:      layout_loops_corners, nicolae_qazlal_style_of_elements
D:5:      layout_rooms, lightli_temple_of_fire, nicolae_ru_sacrificial_ziggurat,
          old_standard_altar, overflow_temple_1_default, uniq_sigmund
D:6:      minmay_recursive_quarters, layout_basic,
          lemuel_mausoleum_altar_kikubaaqudgha
D:7:      layout_basic, nicolae_overflow_crystal_walls, temple_doors_ab,
          kennysheep_generic_room_13
D:8:      layout_rooms, serial_shops, shop
D:9:      layout_basic, dreamdust_divine_triumvirate, serial_shops,
          nicolae_shop_crystal
D:10:     layout_loops_corners, mainiacjoe_overflow_six_doors_small,
          okawaru_gym_becter, due_lair_maze_entry_diamond,
          gammafunk_ghost_stat_death, jiyva_altar_1
Temple:   hellmonk_temple_two_chambers
Lair:1:   layout_regular_city, grunt_megastairs_1
Lair:2:   layout_gridlike, nicolae_swamp_entry_splash_gauntlet,
          spider_nest_entry_webs, cheibrodos_lair_lostbears,
          serial_bayou_shore_a, uniq_amaemon
Lair:3:   layout_cave_pods, chequers_serial_rivers_large_a,
          bobbens_dragon_lair_wall, uniq_fannar
Lair:4:   layout_big_grid, grunt_megastairs_5
Lair:5:   cheibrodos_lair_end_hotspot, layout_gridlike,
          nicolae_slime_entry_field_trip, basic_altar, dreamdust_gnoll_shepherd

Skill      XL: |  1  2  3  4  5  6  7  8  9 10 11 12 13 14 |
---------------+-------------------------------------------+-----
Fighting       | 1 2 3 4 5 6 8 9 10 11 12 13 | 13.8
Ice Magic      | 4 5 6 7 8 9 10 11 12 13 | 13.3
Dodging        | 2 4 6 7 8 10 | 10.8
Armour         | 1 3 5 7 8 10 | 10.6
Shields        | 1 4 |  4.0
Stealth        | |  1.7
Spellcasting   | |  2.0

Action                     |  1- 3 |  4- 6 |  7- 9 | 10-12 | 13-15 || total
---------------------------+-------+-------+-------+-------+-------++-------
  Melee: Dagger            |    36 |    62 |   214 |   108 |       ||   420
         Punch             |       |     1 |     1 |     1 |       ||     3
         Falchion          |       |    23 |    35 |       |       ||    58
         Headbutt          |       |     4 |    58 |   100 |   120 ||   282
         Unarmed           |       |       |    17 |       |       ||    17
         Rapier            |       |       |       |   366 |   390 ||   756
   Cast: Freeze            |    46 |    58 |    10 |    16 |       ||   130
         Frozen Ramparts   |       |     3 |    27 |    62 |    42 ||   134
         Ozocubu's Refrige |       |       |       |       |    24 ||    24
  Evoke: Wand              |       |       |     3 |     5 |       ||     8
    Use: Scroll            |       |       |     9 |       |    12 ||    21
         Potion            |       |       |     3 |     7 |       ||    10
   Stab: Sleeping          |     2 |     2 |     4 |       |       ||     8
         Invisible         |       |       |       |     1 |       ||     1
         Distracted        |       |       |       |     1 |       ||     1
 Armour: Robe              |    20 |    35 |    52 |   129 |    91 ||   327
         Skin              |       |       |    20 |       |       ||    20
  Dodge: Dodged            |    43 |    80 |   145 |   255 |   194 ||   717
  Block: Other             |       |    32 |   113 |    29 |       ||   174
         Reflection        |       |       |     2 |     9 |     2 ||    13
         Buckler           |       |       |       |   296 |   240 ||   536

Table legend: (Time is in decaauts)
 A = Elapsed time spent in this place.
 B = Non-inter-level travel time spent in this place.
 C = Inter-level travel time spent in this place.
 D = Time resting spent in this place.
 E = Time spent auto-exploring this place.
 F = Levels seen in this place.
 G = Mean time per level.
                   A        B        C        D        E       F      G
               +--------+--------+--------+--------+--------+-----+--------+
         Total |  21182 |  20611 |    571 |    714 |  16162 |  16 | 1323.9 |
       Dungeon |  11579 |  11210 |    369 |    450 |   8875 |  10 | 1157.9 |
        Temple |     16 |     11 |      5 |      0 |      0 |   1 |   16.0 |
          Lair |   9586 |   9389 |    197 |    264 |   7286 |   5 | 1917.2 |
               +--------+--------+--------+--------+--------+-----+--------+

Top non-repeatable levels by time:
  Lair:3: 2331 daAuts
  Lair:5: 2059 daAuts
     D:6: 1950 daAuts
  Lair:2: 1877 daAuts
  Lair:4: 1840 daAuts
    D:10: 1579 daAuts
  Lair:1: 1478 daAuts
     D:5: 1245 daAuts
     D:1: 1144 daAuts
     D:2: 1127 daAuts
     D:7: 1068 daAuts
     D:4: 1036 daAuts
     D:3: 867 daAuts
     D:8: 843 daAuts
     D:9: 714 daAuts
